 Dungeon Crawl Stone Soup version 0.29-a0-323-g050149af67 (webtiles) character file.

Game seed: 2967525625571341110

86 Morbidden the Skirmisher (level 4, 0/35 HPs)
             Began as a Demonspawn Fighter on Apr 11, 2022.
             Slain by a worm (3 damage)
             ... on level 4 of the Dungeon.
             The game lasted 00:02:51 (2518 turns).

Morbidden the Skirmisher (Demonspawn Fighter)       Turns: 2518, Time: 00:02:52

Health: 0/35       AC: 10    Str: 16    XL:     4   Next: 27%
Magic:  4/4        EV:  6    Int: 13    God:
Gold:   182        SH:  4    Dex: 13    Spells: 3/3 levels left

rFire   . . .      SeeInvis .   a - +1 war axe
rCold   . . .      Faith    .   c - +0 buckler
rNeg    . . .      Spirit   .   j - +0 chain mail
rPois   .          Reflect  .   (no helmet)
rElec   .          Harm     .   f - +0 cloak
rCorr   .          Rampage  .   (no gloves)
Will    .....                   (no boots)
Stlth   ..........              (no amulet)
HPRegen 0.11/turn               (no ring)
MPRegen 0.09/turn               (no ring)

@: about to teleport, weak-willed, slowed, very slow
A: big brain 1
a: no special abilities


You were on level 4 of the Dungeon.
You visited 1 branch of the dungeon, and saw 4 of its levels.

You collected 182 gold pieces.

Inventory:

Hand Weapons
 a - a +1 war axe (weapon)
Armour
 c - a +0 buckler (worn)
 f - a +0 cloak (worn)
 j - a +0 chain mail (worn)
Scrolls
 e - 3 scrolls of identify
Potions
 d - a potion of might
 g - a potion of resistance {unknown}
 h - 4 potions of curing
 k - 2 potions of haste
 m - a potion of ambrosia {unknown}
 n - a potion of heal wounds {unknown}
 q - a potion of invisibility {unknown}
 r - a potion of lignification {unknown}
 s - a potion of brilliance {unknown}


   Skills:
 * Level 3.5 Fighting
 * Level 2.9 Axes
 + Level 3.2 Armour
 * Level 0.4 Dodging
 + Level 3.0 Shields


You had 3 spell levels left.
You didn't know any spells.
Your spell library was empty.

Dungeon Overview and Level Annotations

Branches:
Dungeon (4/15)
 Temple: D:4-7

Altars:

Shops:
D:2 (   D:3 [


Innate Abilities, Weirdness & Mutations

You have an unusually large brain. (Int +2)


Message History

It was a scroll of noise.
You hear a shout!
You hear an angry hiss.
You hear a shout! x5
You hear an angry hiss.
You hear an angry buzzing noise.
A scorpion comes into view.
The hobgoblin hits you.
As you read the scroll labelled JYOVIY SABIR, it crumbles to dust.
You feel strangely unstable.
It was a scroll of teleportation.
The scorpion falls through a shaft!
The shaft crumbles and collapses.
The hobgoblin closely misses you.
Unknown command.
As you read the scroll labelled YTESATSUIL, it crumbles to dust.
It is a scroll of enchant weapon.
Your +0 war axe glows red for a moment.
The hobgoblin barely misses you.
As you read the scroll labelled COFANAH YWNU, it crumbles to dust.
Magic quickly surges around you.
It was a scroll of vulnerability.
The kobold hits you with a +0 short sword.
The hobgoblin hits you.
Unknown command.
You slash the hobgoblin!
You kill the hobgoblin!
You hit the kobold but do no damage.
Your surroundings suddenly seem different. 6 worms and a hornet come into view.
Found a scroll labelled TAXIEJUEPU and a scroll of teleportation.
Found a stone staircase leading down.
The hornet buzzes angrily.
The worm falls through a shaft!
The shaft crumbles and collapses.
As you read the scroll labelled FON TURIBOIF, it crumbles to dust.
You speak a Word of immense power!
You are blasted by holy energy!
It was a scroll of holy word.
Unknown command.
As you read the scroll of teleportation, it crumbles to dust.
You feel strangely unstable. The worm bites you but does no damage.
The worm bites you.
Unknown command.
Unknown command.
The hornet attacks as you move away! The hornet stings you!
* * * LOW HITPOINT WARNING * * *
You feel yourself slow down.
Found 16 gold pieces.
The worm bites you.
You die...

#.#.....##... .
##...## .....
.... .... .#...
.... ## ###.###
##.....##
##^...ww.##
#...^.^@y.#
...^w.ww..#
.....^.^^....
$....>^........
#....^...?#.....
##.....^.##..#..
##.....## ..##
###.### #?#


You could see a hornet and 5 worms.

Vanquished Creatures
  4 adders
  3 orcs
  2 bats
  3 endoplasms (D:1)
  2 giant cockroaches
  6 goblins
  5 hobgoblins
  A quokka (D:2)
  4 ball pythons
  9 frilled lizards
  4 kobolds (D:1)
  6 rats
49 creatures vanquished.

Vanquished Creatures (others)
  A plant (D:2)
1 creature vanquished.

Grand Total: 50 creatures vanquished

Notes
Turn   | Place    | Note
-------+----------+-------------------------------------------
     0 | D:1      | Morbidden the Demonspawn Fighter began the quest for the
                  | Orb.
     0 | D:1      | Reached XP level 1. HP: 18/18 MP: 1/1
   244 | D:1      | Found a faded altar of an unknown god.
   356 | D:1      | Gained mutation: You have an unusually large brain. (Int
                  | +2) [demonic ancestry]
   356 | D:1      | Reached XP level 2. HP: 22/24 MP: 2/2
   921 | D:2      | Found Futong's Weapon Emporium.
   927 | D:2      | Reached XP level 3. HP: 29/29 MP: 3/3
  1849 | D:3      | Found Kauwk's Armour Shop.
  1867 | D:3      | Reached XP level 4. HP: 31/35 MP: 4/4
  2511 | D:4      | Noticed a scorpion
  2515 | D:4      | Noticed a hornet
  2518 | D:4      | Slain by a worm

Illustrated notes

Levels and vault maps discovered:
D:1:      ncdulo_halloftheorcs, layout_rooms, basic_ecumenical_altar,
          minmay_lizard_pond
D:2:      layout_loops_cross, serial_glass, glass_columns_a, glass_columns_a,
          serial_shops, nicolae_shop_bloodbath_and_beyond, serial_bayou_lake_a
D:3:      layout_basic, serial_shops, nicolae_shop_statue_plus,
          kennysheep_generic_room_7
D:4:      kennysheep_the_goblin_king, layout_rooms, overflow_temple_1_default,
          gammafunk_temple_overflow_wave, cheibrodos_sewer_entry_drain,
          nicolae_wormholes

Skill      XL: |  1  2  3 |
---------------+----------+-----
Armour         | 3 |  3.2
Axes           | 2 |  2.9
Shields        | 3 |  3.0
Fighting       | |  3.5
Dodging        | |  0.4

Action                   |  1- 3 |  4- 6 || total
-------------------------+-------+-------++-------
Melee: War axe           |   142 |    19 ||   161
  Use: Scroll            |     2 |     6 ||     8
Armor: Scale mail        |    12 |       ||    12
       Chain mail        |    87 |    14 ||   101
Dodge: Dodged            |    47 |     7 ||    54
Block: Buckler           |    26 |     6 ||    32

Table legend: (Time is in decaauts)
 A = Elapsed time spent in this place.
 B = Non-inter-level travel time spent in this place.
 C = Inter-level travel time spent in this place.
 D = Time resting spent in this place.
 E = Time spent auto-exploring this place.
 F = Levels seen in this place.
 G = Mean time per level.
                   A        B        C        D        E       F      G
               +--------+--------+--------+--------+--------+-----+--------+
         Total |   2628 |   2509 |    119 |    167 |   1879 |   4 |  657.0 |
       Dungeon |   2628 |   2509 |    119 |    167 |   1879 |   4 |  657.0 |
               +--------+--------+--------+--------+--------+-----+--------+

Top non-repeatable levels by time:
     D:2: 991 daAuts
     D:1: 902 daAuts
     D:3: 727 daAuts
     D:4: 8 daAuts
